 Dungeon Crawl Stone Soup version 0.31-a0-175-g9f7f995f2b (webtiles) character file.

Game seed: 198697420468792604

84 qw the Shooter (level 4, -10/28 HPs)
             Began as a Gargoyle Hunter on June 16, 2023.
             Killed from afar by an orc wizard (11 damage)
             ... with a puff of flame
             ... on level 2 of the Dungeon.
             The game lasted 00:00:29 (681 turns).

qw the Shooter (Gargoyle Hunter)                     Turns: 681, Time: 00:00:30

Health: -10/28     AC:  6    Str: 14    XL:     4   Next: 45%
Magic:  0/4        EV: 11    Int: 10    God:
Gold:   86         SH:  0    Dex: 15    Spells: 3/3 levels left

rFire   . . .        Y - +1 shortbow
rCold   . . .        (shield currently unavailable)
rNeg    + . .        c - +0 leather armour
rPois   inf          (no helmet)
rElec   +            (no cloak)
rCorr   .            (no gloves)
SInv    .            (no boots)
Will    .....        d - amulet of guardian spirit
Stlth   +            (no ring)
HPRegen 0.24/turn    (no ring)
MPRegen 0.09/turn

%: guardian spirit
@: confused
A: sickness immunity, AC +3, negative energy resistance 1, electricity
resistance, torment resistance 1, petrification resistance
a: no special abilities


You were on level 2 of the Dungeon.
You visited 1 branch of the dungeon, and saw 2 of its levels.

You collected 86 gold pieces.


Innate Abilities, Weirdness & Mutations

You are immune to sickness and miasma.
Your stone body is resilient. (AC +3)
You are immune to poison.
You resist negative energy. (rN+)
You are resistant to electric shocks. (rElec)
You are resistant to unholy torment.
You are immune to petrification.


   Skills:
 - Level 3.1 Fighting
 + Level 5.4 Ranged Weapons
 - Level 1.5 Dodging
 - Level 1.1 Stealth


You had 3 spell levels left.
You didn't know any spells.
Your spell library was empty.

Inventory:

Hand Weapons
 Y - a +1 shortbow (weapon)
Armour
 c - a +0 leather armour (worn)
Jewellery
 d - an amulet of guardian spirit (around neck)
Potions
 a - a potion of curing {unknown}

Dungeon Overview and Level Annotations

Branches:
Dungeon (2/15)

Altars:


Message History

You shoot an arrow. The arrow closely misses the orc.
The orc hits you with a +0 hand axe.
You shoot an arrow. The arrow hits the orc.
The orc is heavily wounded.
The orc hits you with a +0 hand axe.
An orc wizard comes into view. It is wielding a +0 dagger.
You shoot an arrow.
The arrow hits the orc but does no damage.
The orc is heavily wounded.
The orc hits you but does no damage.
The orc wizard mumbles some strange words.
The orc wizard flickers and vanishes!
Deactivating autopickup; reactivate with Ctrl-A.
You shoot an arrow. The arrow hits the orc.
The orc is almost dead.
The orc hits you with a +0 hand axe.
You shoot an arrow. The arrow hits the orc.
You kill the orc!
You shoot an arrow. The arrow hits the orc!
You kill the orc!
You shoot an arrow. The arrow hits the orc!
You kill the orc!
Something hits you but does no damage.
You shoot an arrow. The arrow hits the orc priest.
The orc priest is lightly wounded.
The orc priest barely misses you. Something hits you.
The orc priest mumbles some strange prayers to Beogh against you.
Beogh smites you! Something hits you.
You shoot an arrow.
The arrow closely misses the orc priest.
The orc priest hits you with a +0 club. Something hits you but does no damage.
You shoot an arrow. The arrow barely misses the orc priest.
You hear some strange, mumbled words.
You are confused.
The orc priest barely misses you.
The orc priest hits you but does no damage.
You hear some strange, mumbled words.
A puff of flame appears from out of thin air!
The puff of flame hits you!
You die...

#..:......##..
#.##....
########..#...
#.##....
#..#.~ ) .#
... #..#.. ..
#..# ... #..#
.... #..#
~...~
#..#......
#.@o......
#..{.....#
##########


You could see an orc priest.

Vanquished Creatures
  2 gnolls (D:1)
  3 adders
  4 orcs (D:2)
  6 ball pythons
  3 endoplasms (D:1)
  2 goblins
  A jackal (D:1)
  4 quokkas
  3 bats
  A frilled lizard (D:1)
  4 kobolds
  4 rats
37 creatures vanquished.

Notes
Turn   | Place    | Note
-------+----------+-------------------------------------------
     0 | D:1      | qw the Gargoyle Hunter began the quest for the Orb.
     0 | D:1      | Reached XP level 1. HP: 12/12 MP: 1/1
     0 | D:1      | 0 ||| qw: Version: 0.2-a-29-g511e9b1
     0 | D:1      | 0 ||| qw: Game counter: 5901
     0 | D:1      | 0 ||| qw: Always use a shield: true
     0 | D:1      | 0 ||| qw: God list: Okawaru
     0 | D:1      | 0 ||| qw: Allow faded altars: false
     0 | D:1      | 0 ||| qw: Do Orc after D:15 true
     0 | D:1      | 0 ||| qw: Do second Lair branch before Depths: true
     0 | D:1      | 0 ||| qw: Lair rune preference: random
     0 | D:1      | 0 ||| qw: Plans: Normal, Zot:1-4, Slime:5, God:TSO, Crypt,
                  | Tomb, Abyss, Pan, Hells, Win
     0 | D:1      | 0 ||| PLANNING D:1-11
    47 | D:1      | Reached XP level 2. HP: 17/17 MP: 2/2
   260 | D:1      | Reached XP level 3. HP: 13/21 MP: 3/3
   328 | D:1      | Found a faded altar of an unknown god.
   331 | D:1      | Reached skill level 5 in Ranged Weapons
   367 | D:1      | You fall into a shaft and drop 1 floor!
   393 | D:2      | 393 ||| DROPPING +6 ring of intelligence.
   394 | D:2      | 394 ||| READING scroll labelled KAISTE TAONE.
   395 | D:2      | 395 ||| READING scroll labelled VACIHIBBEE.
   396 | D:2      | 396 ||| READING scroll labelled CUNUROSHESM.
   397 | D:2      | 397 ||| READING scroll labelled SUITHU EPECET.
   398 | D:2      | 398 ||| DROPPING scroll of butterflies.
   406 | D:2      | 406 ||| FLEEEEING.
   407 | D:2      | 407 ||| STAIRDANCE
   502 | D:1      | Reached skill level 3 in Fighting
   531 | D:1      | 531 ||| DROPPING +0 robe of positive energy.
   532 | D:1      | 532 ||| DROPPING +0 leather armour of poison resistance.
   533 | D:1      | 533 ||| UPGRADING to amulet of guardian spirit.
   538 | D:1      | 538 ||| READING scroll labelled WAMEKY HACLU.
   567 | D:2      | 567 ||| STAIRDANCE
   572 | D:1      | Reached XP level 4. HP: 23/28 MP: 4/4
   678 | D:2      | HP: 7/28 [orc priest/divine providence (11)]
   679 | D:2      | HP: 1/28 [orc priest/+0 club (3)]
   681 | D:2      | Killed from afar by an orc wizard

Levels and vault maps discovered:
D:1:      lemuel_arrival_behind_the_door_small, layout_rooms,
          nicolae_ecumenical_snake_handling, minmay_small_reverse_x
D:2:      cheibrodos_pilgrimage, layout_basic, uniq_natasha, uniq_sigmund,
          uniq_jessica

Skill      XL: |  1  2  3 |
---------------+----------+-----
Ranged Weapons | 5 |  5.4
Fighting       | 3 |  3.1
Dodging        | |  1.5
Stealth        | |  1.1

Action                     |  1- 3 |  4- 6 || total
---------------------------+-------+-------++-------
   Fire: Shortbow          |    86 |    31 ||   117
    Use: Scroll            |     5 |       ||     5
 Armour: Leather armour    |    22 |    12 ||    34
  Dodge: Dodged            |    31 |     8 ||    39

Table legend:
 A = Non-vault XP
 B = Vault XP
 C = Vault XP percentage of total XP
 D = Non-vault monster count
 E = Vault monster count
 F = Vault count percentage of total count
                 A         B        C        D         E       F
            +---------+---------+-------+---------+---------+-------
      Total |      85 |      35 |  29.2 |      26 |      11 |  29.7
            +---------+---------+-------+---------+---------+-------
        D:1 |      51 |      23 |  31.1 |      18 |       7 |  28.0
        D:2 |      34 |      12 |  26.1 |       8 |       4 |  33.3
            +---------+---------+-------+---------+---------+-------
